 Dungeon Crawl Stone Soup version 0.28.0-53-g5a82cb258f (webtiles) character file.

Game seed: 3431090686879844474

176 MiltankisOP the Cudgeller (level 5, -4/32 HPs)
             Began as a Gargoyle Fighter on June 17, 2022.
             Slain by an ogre
             ... wielding a +0 giant spiked club
              (13 damage)
             ... on level 4 of the Dungeon.
             The game lasted 00:04:17 (3738 turns).

MiltankisOP the Cudgeller (Gargoyle Fighter)        Turns: 3738, Time: 00:04:18

Health: -4/32      AC: 12    Str: 22    XL:     5   Next: 56%
Magic:  5/5        EV:  9    Int:  8    God:
Gold:   167        SH:  4    Dex:  9    Spells: 4/4 levels left

rFire   . . .      SeeInvis .   a - +0 flail
rCold   . . .      Faith    .   c - +0 buckler
rNeg    + . .      Spirit   .   b - +0 scale mail
rPois   ∞          Reflect  .   (no helmet)
rElec   +          Harm     .   (no cloak)
rCorr   .          Rampage  .   m - +0 pair of gloves
Will    .....                   (no boots)
Stlth   ..........              (no amulet)
HPRegen 0.10/turn               (no ring)
MPRegen 0.09/turn               (no ring)

@: no status effects
A: sickness immunity, AC +4, negative energy resistance 1, electricity
resistance, torment resistance 1, petrification resistance
a: no special abilities


You were on level 4 of the Dungeon.
You visited 1 branch of the dungeon, and saw 4 of its levels.

You collected 167 gold pieces.

Inventory:

Hand Weapons
 a - a +0 flail (weapon)
Missiles
 i - 17 poisoned darts (quivered)
Armour
 b - a +0 scale mail (worn)
 c - a +0 buckler (worn)
 m - a +0 pair of gloves (worn)
Jewellery
 f - a ring of magical power
 o - a ring of flight
Scrolls
 e - 5 scrolls of identify {unknown}
 g - a scroll of blinking {unknown}
 h - 2 scrolls of magic mapping {unknown}
 j - 2 scrolls of vulnerability {unknown}
 k - a scroll of fear {unknown}
Potions
 d - a potion of might
 l - 2 potions of heal wounds {unknown}
 n - a potion of lignification {unknown}


   Skills:
 - Level 3.2 Fighting
 + Level 5.6 Maces & Flails
 - Level 3.2 Armour
 - Level 3.2 Shields


You had 4 spell levels left.
You didn't know any spells.
Your spell library contained the following spells:

 Spells                   Type           Power      Damage    Failure   Level
 Gell's Gravitas          Tloc           0%         N/A       99%         3
 Ignite Poison            Fire/Tmut/Pois 0%         N/A       99%         3
 Mephitic Cloud           Conj/Pois/Air  0%         N/A       99%         3
 Teleport Other           Tloc           0%         N/A       99%         3
 Alistair's Intoxication  Tmut/Pois      0%         N/A       100%        5
 Borgnjor's Vile Clutch   Necr/Erth      0%         N/A       100%        5
 Freezing Cloud           Conj/Ice/Air   0%         6-21      100%        5
 Dispersal                Tloc           0%         N/A       100%        6
 Eringya's Noxious Bog    Tmut/Pois      0%         N/A       100%        6


Dungeon Overview and Level Annotations

Branches:
Dungeon (4/15)
 Temple: D:4-7

Altars:
Elyvilon


Innate Abilities, Weirdness & Mutations

You are immune to sickness and miasma.
Your stone body is resilient. (AC +4)
You are immune to poison.
You resist negative energy. (rN+)
You are resistant to electric shocks. (rElec)
You are resistant to unholy torment.
You are immune to petrification.


Message History

The crimson imp is almost dead.
The crimson imp blinks!
You hit the crimson imp.
You kill the crimson imp!
No target in view!
No target in view!
No target in view!
No target in view!
No target in view!
No target in view!
No target in view!
No target in view!
No target in view!
No target in view!
No target in view!
No target in view!
No target in view!
An ogre comes into view. It is wielding a +0 giant spiked club.
The ogre shouts!
The ogre barely misses you.
You hit the ogre.
The ogre is lightly wounded.
The ogre hits you but does no damage.
You barely miss the ogre.
The ogre is lightly wounded.
The ogre hits you with a +0 giant spiked club!
You hit the ogre.
The ogre is lightly wounded.
You block the ogre's attack.
You barely miss the ogre.
The ogre is lightly wounded.
The ogre hits you with a +0 giant spiked club!
* * * LOW HITPOINT WARNING * * *
You sock the ogre!
The ogre is heavily wounded.
The ogre closely misses you.
You hit the ogre.
The ogre is severely wounded.
The ogre hits you with a +0 giant spiked club!
You die...

#.##.##
#..........##.##
#)##.#
##.........##.#
.....#
#.............#
#.####
#...#.#...##..#
#.#
#..##)##..##..#
#.#
#..#...#..##..#
#.##...##.##..#
#.#..≈..#.....#
#@#.≈≈≈.#..#.##
#O#.≈≈≈.#.##†#
#.#.≈≈≈.#.##.#
..#..≈..#.##.#
..##)..##....#
#...#####..####
#..........#
#.#.##.#.#.#
...#.#.#


You could see an ogre.

Vanquished Creatures
  A crimson imp (D:4)
  A hound (D:3)
  2 adders (D:3)
  A white imp (D:4)
  An adder skeleton (D:4)
  A dart slug (D:1)
  8 orcs
  8 ball pythons
  8 bats
  3 endoplasms (D:1)
  4 giant cockroaches
  5 goblins
  3 hobgoblins
  10 jackals
  5 quokkas
  2 frilled lizards
  5 kobolds
  6 rats
74 creatures vanquished.

Notes
Turn   | Place    | Note
-------+----------+-------------------------------------------
     0 | D:1      | MiltankisOP the Gargoyle Fighter began the quest for the
                  | Orb.
     0 | D:1      | Reached XP level 1. HP: 14/14 MP: 1/1
   390 | D:1      | Reached XP level 2. HP: 19/19 MP: 2/2
   480 | D:1      | Found a faded altar of an unknown god.
   571 | D:1      | Reached skill level 3 in Maces & Flails
   933 | D:1      | Reached XP level 3. HP: 17/23 MP: 3/3
  1562 | D:2      | Found a white marble altar of Elyvilon.
  2239 | D:3      | Reached skill level 4 in Maces & Flails
  2440 | D:3      | Reached XP level 4. HP: 21/28 MP: 4/4
  3006 | D:3      | Reached skill level 5 in Maces & Flails
  3006 | D:3      | Reached XP level 5. HP: 28/32 MP: 5/5
  3728 | D:4      | Noticed an ogre
  3738 | D:4      | Slain by an ogre

Illustrated notes

Levels and vault maps discovered:
D:1:      minmay_arrival_stair_chambers, layout_basic,
          hellmonk_ecumenical_altar_heavens_door, minmay_quantized
D:2:      layout_basic, basic_altar
D:3:      layout_loops_cross
D:4:      layout_loops_ring, hangedman_feature_mirror, minmay_fire_ice_demons,
          uniq_menkaure, uniq_robin

Skill      XL: |  1  2  3  4 |
---------------+-------------+-----
Maces & Flails | 3 4 5 |  5.6
Fighting       | |  3.2
Armour         | |  3.2
Shields        | |  3.2

Action                   |  1- 3 |  4- 6 || total
-------------------------+-------+-------++-------
Melee: Flail             |   120 |   131 ||   251
Throw: Dart              |     1 |       ||     1
Armor: Scale mail        |    63 |    82 ||   145
Dodge: Dodged            |    42 |    57 ||    99
Block: Buckler           |    22 |    18 ||    40
